RES
ROCKDALE CRUSHERS @ LEICHHARDT LIONS
05/06/2022
 
TOP OF THE 1ST
Rockdale Crushers batting - Pitching for Leichhardt Lions : LHP Casee Dutton
Pitching: LHP Casee Dutton
Batting: RHB Justin Borrett 0-0: DOUBLE (Groundball, 5L, EV 100.0 MPH)
Batting: SHB Mark Kinsley 0-0: Called Strike
0-1: Ball
1-1: Ball
2-1: Ball
3-1: Swinging Strike
3-2: Strikes out swinging
Batting: RHB J.J. Jones 0-0: Foul Ball, location: 7LDF
0-1: Foul Ball, location: 23FF
0-2: Ball
1-2: SINGLE (Line Drive, 8LS, EV 90.6 MPH)
Justin Borrett to third
Batting: RHB Brad Silk 0-0: Ball
J.J. Jones is caught stealing 2nd base 2-4
1-0: Swinging Strike
1-1: Swinging Strike
1-2: SINGLE (Line Drive, 89S, EV 88.1 MPH)
Justin Borrett scores
Batting: SHB Johnny Knight 0-0: Ball
1-0: Called Strike
1-1: Fly out, F8 (Line Drive, 8LM, EV 91.9 MPH)
Top of the 1st over - 1 run, 3 hits, 0 errors, 1 left on base; Rockdale 1 - Leichhardt 0
BOTTOM OF THE 1ST
Leichhardt Lions batting - Pitching for Rockdale Crushers : LHP Darren Durnford
Pitching: LHP Darren Durnford
Batting: SHB Robb Deadman 0-0: Ball
1-0: Foul Ball, location: 2F
1-1: Swinging Strike
1-2: Ball
2-2: Ground out U3 (Groundball, 3S, EV 88.8 MPH)
Batting: LHB Danny Martin 0-0: Called Strike
0-1: Ball
1-1: Foul Ball, location: 2RF
1-2: Foul Ball, location: 2F
1-2: Strikes out looking
Batting: LHB Frank Sheard 0-0: Swinging Strike
0-1: Swinging Strike
0-2: Ball
1-2: Ball
2-2: Ball
3-2: Base on Balls
Batting: LHB Keegan Goldthorpe 0-0: Fly out, F6 (Popup, 6M, EV 75.0 MPH)
Bottom of the 1st over - 0 runs, 0 hits, 0 errors, 1 left on base; Rockdale 1 - Leichhardt 0
TOP OF THE 2ND
Rockdale Crushers batting - Pitching for Leichhardt Lions : LHP Casee Dutton
Batting: RHB Jerod Quarles 0-0: Ball
1-0: Called Strike
1-1: SINGLE (Groundball, 15S, EV 66.3 MPH) (infield hit)
Batting: RHB Eugene Pilcher 0-0: Foul Ball, location: 9LSF
0-1: SINGLE (Line Drive, 4M, EV 104.4 MPH)
Jerod Quarles to second
Jerod Quarles to third
Batting: RHB Luke Thornett 0-0: Ball
1-0: Foul Ball, location: 9LMF
1-1: Fly out, F5 (Popup, 5, EV 68.1 MPH)
Batting: RHB Jim Unknown 0-0: Ball
1-0: Foul Ball, location: 3SF
1-1: Ball
2-1: Called Strike
2-2: Foul Ball, location: 2F
2-2: Ball
3-2: Ground out 4-3 (Groundball, 34S, EV 68.8 MPH)
Jerod Quarles scores
Eugene Pilcher to second
Batting: RHB Justin Borrett 0-0: Ball
1-0: Called Strike
1-1: Ball
2-1: Ball
3-1: Base on Balls
Batting: SHB Mark Kinsley 0-0: Ball
1-0: SINGLE (Line Drive, 9LS, EV 91.3 MPH)
Eugene Pilcher to third
Justin Borrett to second
Runner from 3rd tries for Home, throw by RF and OUT! 9-2
Top of the 2nd over - 1 run, 3 hits, 0 errors, 2 left on base; Rockdale 2 - Leichhardt 0
BOTTOM OF THE 2ND
Leichhardt Lions batting - Pitching for Rockdale Crushers : LHP Darren Durnford
Batting: SHB Jason Coaker 0-0: Ball
1-0: Ball
2-0: Ball
3-0: Called Strike
3-1: SINGLE (Groundball, 6MD, EV 100.0 MPH)
Batting: LHB Joba Clifton 0-0: Bunted foul
0-1: Foul Ball, location: 5F
0-2: Ball
1-2: Ball
2-2: Fly out, F7 (Flyball, 78D, EV 107.5 MPH)
Batting: LHB Steve Epton 0-0: Ball
1-0: Ball
2-0: Ball
3-0: Base on Balls
Jason Coaker to second
Batting: SHB Jim Stoneman 0-0: Ball
Wild Pitch!
Jason Coaker to third
Steve Epton to second
1-0: Ball
2-0: Foul Ball, location: 25F
2-1: Swinging Strike
2-2: Ball
3-2: Base on Balls
Batting: RHB Abe Tofield 0-0: Called Strike
0-1: Ball
1-1: Called Strike
1-2: Ball
2-2: Foul Ball, location: 5F
2-2: Ball
3-2: DOUBLE (Flyball, 8RXD, EV 90.0 MPH)
Jason Coaker scores
Steve Epton scores
Jim Stoneman to third
Batting: SHB Robb Deadman 0-0: Swinging Strike
0-1: Ball
1-1: Called Strike
1-2: Strikes out swinging
Batting: LHB Danny Martin 0-0: Called Strike
0-1: Foul Ball, location: 7LSF
0-2: Ball
1-2: Foul Ball, location: 9LSF
1-2: SINGLE (Groundball, 4MD, EV 99.4 MPH)
Jim Stoneman scores
Abe Tofield to third
Runner from 3rd tries for Home, SAFE, throw by CF to home
Batting: LHB Frank Sheard 0-0: Ball
1-0: SINGLE (Groundball, 34S, EV 88.8 MPH) (infield hit)
Danny Martin to second
Batting: LHB Keegan Goldthorpe 0-0: Fly out, F6 (Popup, 6M, EV 61.9 MPH)
Bottom of the 2nd over - 4 runs, 4 hits, 0 errors, 2 left on base; Rockdale 2 - Leichhardt 4
TOP OF THE 3RD
Rockdale Crushers batting - Pitching for Leichhardt Lions : LHP Casee Dutton
Batting: RHB J.J. Jones 0-0: Called Strike
0-1: Called Strike
0-2: SOLO HOME RUN (Flyball, 9D, EV 94.4 MPH), Distance : 354 ft
Batting: RHB Brad Silk 0-0: Foul Ball, location: 5DF
0-1: Called Strike
0-2: Ball
1-2: Ball
2-2: Strikes out swinging
Batting: SHB Johnny Knight 0-0: Ground out 4-3 (Groundball, 34, EV 85.6 MPH)
Batting: RHB Jerod Quarles 0-0: Ball
1-0: Ball
2-0: Called Strike
2-1: Ground out 5-3 (Groundball, 56, EV 106.3 MPH)
Top of the 3rd over - 1 run, 1 hit, 0 errors, 0 left on base; Rockdale 3 - Leichhardt 4
BOTTOM OF THE 3RD
Leichhardt Lions batting - Pitching for Rockdale Crushers : LHP Darren Durnford
Batting: SHB Jason Coaker 0-0: Called Strike
0-1: Ball
1-1: Foul Ball, location: 5FF
1-2: Strikes out swinging
Batting: LHB Joba Clifton 0-0: Called Strike
0-1: Ball
1-1: Called Strike
1-2: Foul Ball, location: 23F
1-2: Foul Ball, location: 2F
1-2: Ground out 4-3 (Groundball, 4, EV 85.0 MPH)
Batting: LHB Steve Epton 0-0: Ball
1-0: Ball
2-0: Ball
3-0: Base on Balls
Batting: SHB Jim Stoneman 0-0: Called Strike
0-1: Ball
1-1: Fly out, F8 (Flyball, 8RM, EV 83.1 MPH)
Bottom of the 3rd over - 0 runs, 0 hits, 0 errors, 1 left on base; Rockdale 3 - Leichhardt 4
TOP OF THE 4TH
Rockdale Crushers batting - Pitching for Leichhardt Lions : LHP Casee Dutton
Batting: RHB Eugene Pilcher 0-0: SINGLE (Line Drive, 8LS, EV 89.4 MPH)
Batting: RHB Luke Thornett 0-0: Sac Bunt to 15S - play at first, batter OUT! 1-3
Eugene Pilcher to second
Batting: RHB Jim Unknown 0-0: Foul Ball, location: 7LMF
0-1: Ball
1-1: Ball
2-1: Swinging Strike
2-2: Foul Ball, location: 5SF
2-2: Strikes out swinging
Batting: RHB Justin Borrett 0-0: Ball
1-0: DOUBLE (Line Drive, 7LM, EV 104.4 MPH)
Eugene Pilcher scores
Batting: SHB Mark Kinsley 0-0: Ball
1-0: Called Strike
1-1: Ground out 5-3 (Groundball, 5S, EV 73.1 MPH)
Top of the 4th over - 1 run, 2 hits, 0 errors, 1 left on base; Rockdale 4 - Leichhardt 4
BOTTOM OF THE 4TH
Leichhardt Lions batting - Pitching for Rockdale Crushers : LHP Darren Durnford
Batting: RHB Abe Tofield 0-0: Foul Ball, location: 23FF
0-1: DOUBLE (Flyball, 78D, EV 93.8 MPH)
Batting: SHB Robb Deadman 0-0: SINGLE (Groundball, 4MD, EV 105.0 MPH)
Abe Tofield to third
Runner from 3rd tries for Home, SAFE, throw by CF to home
Pitching: RHP Bob Sagar
Batting: LHB Danny Martin 0-0: Called Strike
0-1: Bunted foul
0-2: Ball
1-2: Ball
2-2: Ball
3-2: Fly out, F7 (Flyball, 7, EV 99.4 MPH)
Batting: LHB Frank Sheard 0-0: Ball
1-0: Ball
2-0: Ball
3-0: Base on Balls
Robb Deadman to second
Batting: LHB Keegan Goldthorpe 0-0: Ball
1-0: Ball
2-0: Ball
3-0: Base on Balls
Robb Deadman to third
Frank Sheard to second
Batting: SHB Jason Coaker 0-0: Called Strike
0-1: Swinging Strike
0-2: Strikes out swinging
Batting: LHB Joba Clifton 0-0: Swinging Strike
0-1: Foul Ball, location: 5FF
0-2: Ball
1-2: Ball
2-2: GRAND SLAM HOME RUN (Flyball, 8RXD, EV 111.9 MPH), Distance : 446 ft
Batting: LHB Steve Epton 0-0: Ball
1-0: Foul Ball, location: 23FF
1-1: Ball
2-1: Ball
3-1: Base on Balls
Pitching: RHP Clarrie Coyfe
Batting: SHB Jim Stoneman 0-0: Ball
Steve Epton steals 2nd base
1-0: Ball
2-0: Ball
3-0: Called Strike
3-1: Swinging Strike
3-2: Foul Ball, location: 3F
3-2: Fly out, F8 (Flyball, 8RD, EV 104.4 MPH)
Bottom of the 4th over - 5 runs, 3 hits, 0 errors, 1 left on base; Rockdale 4 - Leichhardt 9
TOP OF THE 5TH
Rockdale Crushers batting - Pitching for Leichhardt Lions : LHP Casee Dutton
Batting: RHB J.J. Jones 0-0: Ball
1-0: Called Strike
1-1: Swinging Strike
1-2: Strikes out looking
Batting: RHB Brad Silk 0-0: Ball
1-0: Called Strike
1-1: Foul Ball, location: 25F
1-2: Fly out, F9 (Flyball, 9LM, EV 90.0 MPH)
Batting: SHB Johnny Knight 0-0: Swinging Strike
0-1: Ground out 6-3 (Groundball, 56, EV 108.8 MPH)
Top of the 5th over - 0 runs, 0 hits, 0 errors, 0 left on base; Rockdale 4 - Leichhardt 9
BOTTOM OF THE 5TH
Leichhardt Lions batting - Pitching for Rockdale Crushers : RHP Clarrie Coyfe
Batting: RHB Abe Tofield 0-0: Swinging Strike
0-1: Ball
1-1: Foul Ball, location: 25F
1-2: Strikes out swinging
Batting: SHB Robb Deadman 0-0: Swinging Strike
0-1: Ball
1-1: Swinging Strike
1-2: Strikes out swinging
Batting: LHB Danny Martin 0-0: Ball
1-0: SINGLE (Line Drive, 6D, EV 99.4 MPH)
Batting: LHB Frank Sheard 0-0: Called Strike
0-1: Called Strike
0-2: Ground out 4-3 (Groundball, 4, EV 101.9 MPH)
Bottom of the 5th over - 0 runs, 1 hit, 0 errors, 1 left on base; Rockdale 4 - Leichhardt 9
TOP OF THE 6TH
Rockdale Crushers batting - Pitching for Leichhardt Lions : LHP Casee Dutton
Batting: RHB Jerod Quarles 0-0: Ball
1-0: Fly out, F9 (Flyball, 9LD, EV 90.6 MPH)
Batting: RHB Eugene Pilcher 0-0: Called Strike
0-1: Ball
1-1: SOLO HOME RUN (Flyball, 7D, EV 107.5 MPH), Distance : 393 ft
Pitching: RHP Paul Odling
Batting: RHB Luke Thornett 0-0: Foul Ball, location: 2RF
0-1: Ball
1-1: SINGLE (Line Drive, 7S, EV 110.0 MPH)
Batting: RHB Jim Unknown 0-0: Called Strike
0-1: Called Strike
0-2: Strikes out swinging
Batting: RHB Justin Borrett 0-0: Ball
1-0: Foul Ball, location: 25FF
1-1: Ball
2-1: Foul Ball, location: 3DF
2-2: Ball
3-2: Foul Ball, location: 2F
3-2: Foul Ball, location: 2F
3-2: Foul Ball, location: 5FF
3-2: Foul Ball, location: 5F
3-2: Strikes out swinging
Top of the 6th over - 1 run, 2 hits, 0 errors, 1 left on base; Rockdale 5 - Leichhardt 9
BOTTOM OF THE 6TH
Leichhardt Lions batting - Pitching for Rockdale Crushers : RHP Clarrie Coyfe
Batting: LHB Keegan Goldthorpe 0-0: Ball
1-0: Foul Ball, location: 3FF
1-1: SOLO HOME RUN (Flyball, 78XD, EV 105.0 MPH), Distance : 436 ft
Batting: SHB Jason Coaker 0-0: Ball
1-0: Ball
2-0: Ground out 4-3 (Groundball, 4, EV 80.6 MPH)
Batting: LHB Joba Clifton 0-0: Ball
1-0: Called Strike
1-1: Foul Ball, location: 7LMF
1-2: Foul Ball, location: 2F
1-2: SINGLE (Groundball, 13S, EV 76.3 MPH) (infield hit)
Batting: LHB Steve Epton 0-0: Called Strike
0-1: Grounds into double play, 4-6-3 (Groundball, 4, EV 105.6 MPH)
Bottom of the 6th over - 1 run, 2 hits, 0 errors, 0 left on base; Rockdale 5 - Leichhardt 10
TOP OF THE 7TH
Rockdale Crushers batting - Pitching for Leichhardt Lions : RHP Paul Odling
Batting: SHB Mark Kinsley 0-0: Ground out 4-3 (Groundball, 4, EV 81.9 MPH)
Batting: RHB J.J. Jones 0-0: Ball
1-0: Ball
2-0: Foul Ball, location: 2F
2-1: Ground out 6-3 (Groundball, 6, EV 103.8 MPH)
Batting: RHB Brad Silk 0-0: Ball
1-0: Foul Ball, location: 9LMF
1-1: SINGLE (Line Drive, 8LS, EV 103.8 MPH)
Batting: SHB Johnny Knight 0-0: Fly out, F9 (Flyball, 9LMF, EV 103.1 MPH)
Top of the 7th over - 0 runs, 1 hit, 0 errors, 1 left on base; Rockdale 5 - Leichhardt 10
BOTTOM OF THE 7TH
Leichhardt Lions batting - Pitching for Rockdale Crushers : RHP Clarrie Coyfe
Batting: SHB Jim Stoneman 0-0: Ball
1-0: Swinging Strike
1-1: Ball
2-1: Foul Ball, location: 2F
2-2: Ball
3-2: Fly out, F9 (Line Drive, 89M, EV 101.9 MPH)
Batting: RHB Abe Tofield 0-0: Foul Ball, location: 9LMF
0-1: Swinging Strike
0-2: Strikes out swinging, 2-3 out at first.
Pitching: LHP Mark Esmond
Batting: SHB Robb Deadman 0-0: SINGLE (Line Drive, 7S, EV 106.3 MPH)
Batting: LHB Danny Martin 0-0: Called Strike
0-1: Foul Ball, location: 7LDF
0-2: Fly out, F8 (Flyball, 8RD, EV 98.8 MPH)
Bottom of the 7th over - 0 runs, 1 hit, 0 errors, 1 left on base; Rockdale 5 - Leichhardt 10
TOP OF THE 8TH
Rockdale Crushers batting - Pitching for Leichhardt Lions : RHP Paul Odling
Batting: RHB Jerod Quarles 0-0: Called Strike
0-1: Ball
1-1: Swinging Strike
1-2: Ball
2-2: SINGLE (Groundball, 6MD, EV 68.1 MPH) (infield hit)
Batting: RHB Eugene Pilcher 0-0: Grounds into double play, 6-4-3 (Groundball, 6M, EV 84.4 MPH)
Batting: RHB Luke Thornett 0-0: Foul Ball, location: 25F
0-1: Ball
1-1: Ball
2-1: Fly out, F7 (Line Drive, 78M, EV 90.0 MPH)
Top of the 8th over - 0 runs, 1 hit, 0 errors, 0 left on base; Rockdale 5 - Leichhardt 10
BOTTOM OF THE 8TH
Leichhardt Lions batting - Pitching for Rockdale Crushers : LHP Mark Esmond
Batting: LHB Frank Sheard 0-0: Called Strike
0-1: Ball
1-1: DOUBLE (Line Drive, 9LS, EV 88.1 MPH)
Batting: LHB Keegan Goldthorpe 0-0: Ball
1-0: Ground out 6-3 (Groundball, 56, EV 87.5 MPH)
Frank Sheard to third
Batting: SHB Jason Coaker 0-0: Called Strike
0-1: Ball
1-1: Ball
2-1: Ball
3-1: Base on Balls
Batting: LHB Joba Clifton 0-0: Fielders Choice at 2nd, 4-6 (Groundball, 4M, EV 86.9 MPH)
Frank Sheard scores
Batting: LHB Steve Epton 0-0: Ball
1-0: Called Strike
1-1: Ball
2-1: Ball
3-1: Foul Ball, location: 7LDF
3-2: Strikes out looking
Bottom of the 8th over - 1 run, 1 hit, 0 errors, 1 left on base; Rockdale 5 - Leichhardt 11
TOP OF THE 9TH
Rockdale Crushers batting - Pitching for Leichhardt Lions : RHP Paul Odling
Batting: LHB Steve Smith 0-0: Ball
1-0: Ground out 4-3 (Groundball, 4, EV 105.6 MPH)
Batting: RHB Justin Borrett 0-0: Ball
1-0: Ball
2-0: Ball
3-0: Called Strike
3-1: Foul Ball, location: 5FF
3-2: Strikes out swinging
Batting: SHB Mark Kinsley 0-0: Foul Ball, location: 23FF
0-1: Ball
1-1: Ball
2-1: Ball
3-1: Base on Balls
Batting: RHB J.J. Jones 0-0: Ball
1-0: Ball
2-0: Ball
3-0: Called Strike
3-1: Called Strike
3-2: Fly out, F9 (Line Drive, 9D, EV 90.0 MPH)
Top of the 9th over - 0 runs, 0 hits, 0 errors, 1 left on base; Rockdale 5 - Leichhardt 11
Monday, April 29th , 2024 - OOTP Baseball 24.9 Build 80